 Dungeon Crawl Stone Soup version 0.31-a0-233-g139696dc86 (webtiles) character file.

Game seed: 11767085341978735921

1319 qw the Skirmisher (level 8, 0/70 HPs)
             Began as a Minotaur Hexslinger on July 8, 2023.
             Was an Initiate of Okawaru.
             Slain by Maggie
             ... wielding a +2 morningstar of flaming
              (2 damage)
             ... on level 6 of the Dungeon.
             The game lasted 00:02:33 (5672 turns).

qw the Skirmisher (Minotaur Hexslinger)             Turns: 5672, Time: 00:02:34

Health: 0/70       AC: 13    Str: 13    XL:     8   Next: 33%
Magic:  7/8        EV: 11    Int: 10    God:    Okawaru [......]
Gold:   25         SH:  0    Dex: 15    Spells: 8/9 levels left

rFire   + . .        Y - +0 longbow
rCold   . . .        (shield currently unavailable)
rNeg    . . .        c - +2 ring mail {rF+}
rPois   .            (helmet restricted)
rElec   +            (no cloak)
rCorr   .            (no gloves)
SInv    .            l - +1 pair of boots
Will    +....        d - amulet of faith
Stlth   +            j - +4 ring of protection
HPRegen 0.31/turn    k - ring of Leaves {rElec Will+}
MPRegen 0.11/turn

%: faith
@: no status effects
A: horns 2, retaliatory headbutt
a: Renounce Religion


You were on level 6 of the Dungeon.
You worshipped Okawaru.
Okawaru was noncommittal.
You visited 2 branches of the dungeon, and saw 8 of its levels.

You collected 263 gold pieces.
You spent 238 gold pieces at shops.


Innate Abilities, Weirdness & Mutations

You have a pair of horns on your head.
You reflexively headbutt those who attack you in melee.


   Skills:
 - Level 6.1 Fighting
 + Level 9.4 Ranged Weapons
 - Level 2.0 Armour
 - Level 3.0 Dodging
 - Level 1.0 Spellcasting
 - Level 2.0 Hexes


You had 8 spell levels left.
You knew the following spells:

 Your Spells              Type           Power      Damage    Failure   Level
a - Slow                  Hex            16%        N/A       32%         1

Your spell library contained the following spells:

 Spells                   Type           Power      Damage    Failure   Level
 Inner Flame              Hex/Fire       2%         N/A       82%         3
 Portal Projectile        Hex/Tloc       4%         N/A       82%         3
 Cause Fear               Hex            2%         N/A       97%         4

Inventory:

Hand Weapons
 Y - a +0 longbow (weapon)
Armour
 c - a +2 ring mail of fire resistance (worn)
 l - a +1 pair of boots (worn)
Jewellery
 d - an amulet of faith (around neck)
 j - a +4 ring of protection (left hand)
 k - the ring of Leaves (right hand) {rElec Will+}
   (You found it on level 2 of the Dungeon)

   [ring of willpower]

   rElec:     It insulates you from electricity.
   Will:      It increases your willpower.
Scrolls
 a - 4 scrolls of identify
Potions
 e - a potion of enlightenment
 f - a potion of cancellation
 g - a potion of haste
 h - 4 potions of curing

Dungeon Overview and Level Annotations

Branches:
Dungeon (7/15)             Temple (1/1) D:6

Altars:
Ashenzari
Cheibriados
Dithmenos
Elyvilon
Fedhas
Gozag
Hepliaklqana
Kikubaaqudgha
Makhleb
Nemelex Xobeh
Okawaru
Qazlal
Ru
Sif Muna
Trog
Uskayaw
Vehumet
Wu Jian
Xom
Yredelemnul
Zin
The Shining One

Shops:
D:5 ?

Annotations:
D:3 3 runed translucent doors, qw's ghost, weakling MiHs
D:4 3 runed translucent doors, qw's ghost, amateur GrHs; qw's ghost, amateur MiHs
D:6 Maggie


Message History

The jelly barely misses you. The sky beast barely misses you.
The orc barely misses you.
Maggie hits you with a +2 morningstar of flaming!
Maggie burns you.
You shoot an arrow. The arrow misses the sky beast.
The jelly completely misses you. The sky beast closely misses you.
The orc hits you with a +1 dagger of holy wrath.
Maggie hits you but does no damage.
5667 ||| STAIRDANCE You feel like a meek peon again.
The jelly hits you but does no damage.
The sky beast flickers out of sight!
Deactivating autopickup; reactivate with Ctrl-A.
Something hits you. Something shocks you. You resist.
The orc hits you with a +1 dagger of holy wrath.
Maggie hits you with a +2 morningstar of flaming.
You climb upwards.
Reactivating autopickup.
There is a stone staircase leading down here.
You shoot an arrow. The arrow hits Maggie!
Maggie is lightly wounded.
Maggie says, "Leave now, and tell all of Margery's mercy!"
Maggie hits you but does no damage. The orc barely misses you.
The jelly hits you but does no damage.
You shoot an arrow. The arrow closely misses Maggie.
Maggie hits you with a +2 morningstar of flaming.
The orc barely misses you. You furiously retaliate!
You headbutt the orc! The jelly hits you.
You are splashed with acid.
Maggie closely misses you.
The orc hits you with a +1 dagger of holy wrath.
The jelly closely misses you.
You shoot an arrow. The arrow barely misses the orc.
Maggie hits you with a +2 morningstar of flaming.
The orc hits you with a +1 dagger of holy wrath.
The jelly hits you but does no damage.
You shoot an arrow. The arrow barely misses the orc.
Maggie hits you with a +2 morningstar of flaming.
Maggie burns you. The orc misses you. The jelly barely misses you.
You furiously retaliate!
You headbutt the jelly!
Maggie mutters to herself, "Master Lance won't take me back.
This is the way forward."
Maggie hits you with a +2 morningstar of flaming.
You die...

########################
#.......................
#.########.##########.##
#.# #.# #........
#.########.# #.####.#.
#....%o@@..#####.####...
#..#####J...............
#.......................
#...#####...............
#...######..##..........
#...........##.#.##.#.#.
#...######.....#.##.#.#.
##..######..#..#.##...<.
#...............##.#.#.


You could see Maggie, a jelly and an orc.

Vanquished Creatures
  An orc warrior (D:5)
  An ice beast (D:6)
  A black bear (D:4)
  A centaur (D:6)
  A phantom (D:5)
  A bullfrog (D:6)
  2 scorpions
  A jelly (D:6)
  3 hounds
  3 orc priests
  A gnoll bouda (D:6)
  3 iguanas
  5 orc wizards
  4 gnolls (D:6)
  9 adders
  3 shadow imps
  A white imp (D:6)
  An ufetubus (D:6)
  7 dart slugs
  15 orcs
  9 endoplasms
  7 giant cockroaches
  8 goblins
  3 hobgoblins
  4 jackals (D:1)
  3 quokkas
  5 ball pythons
  5 bats
  4 frilled lizards
  6 kobolds
  3 rats
121 creatures vanquished.

Vanquished Creatures (others)
  An orc (D:7)
1 creature vanquished.

Grand Total: 122 creatures vanquished

Notes
Turn   | Place    | Note
-------+----------+-------------------------------------------
     0 | D:1      | qw the Minotaur Hexslinger began the quest for the Orb.
     0 | D:1      | Reached XP level 1. HP: 16/16 MP: 1/1
     0 | D:1      | 0 ||| qw: Version: 0.3-a-46-gb1f654a
     0 | D:1      | 0 ||| qw: Game counter: 3447
     0 | D:1      | 0 ||| qw: Melee chars always use a shield: true
     0 | D:1      | 0 ||| qw: God list: Okawaru
     0 | D:1      | 0 ||| qw: Allow faded altars: false
     0 | D:1      | 0 ||| qw: Do Orc after clearing Dungeon:15 true
     0 | D:1      | 0 ||| qw: Do second Lair branch before Depths: true
     0 | D:1      | 0 ||| qw: Lair rune preference: random
     0 | D:1      | 0 ||| qw: Goals: Normal
     0 | D:1      | 0 ||| PLANNING D:1-11
   239 | D:1      | Reached skill level 3 in Ranged Weapons
   239 | D:1      | Reached XP level 2. HP: 22/23 MP: 2/2
   254 | D:1      | 254 ||| FLEEEEING.
   382 | D:1      | Reached XP level 3. HP: 29/29 MP: 3/3
   695 | D:1      | Reached skill level 4 in Ranged Weapons
   878 | D:1      | 878 ||| UPGRADING to +0 ring mail.
   888 | D:1      | 888 ||| DROPPING +0 robe.
   889 | D:1      | 889 ||| UPGRADING to +4 ring of protection.
   890 | D:1      | 890 ||| READING scroll labelled OHUCSOA KOZE.
   891 | D:1      | 891 ||| READING scroll labelled HERGHU TOMNIFA.
   892 | D:1      | 892 ||| READING scroll labelled MYAWUERR HUTS.
   893 | D:1      | 893 ||| DRINKING 2 murky green potions.
   894 | D:1      | 894 ||| DROPPING scroll of poison.
  1108 | D:2      | Reached skill level 1 in Armour
  1200 | D:2      | Reached XP level 4. HP: 12/36 MP: 4/4
  1541 | D:2      | 1541 ||| SWAPPING to +0 orcbow.
  1542 | D:2      | 1542 ||| DROPPING +2 sling.
  1545 | D:2      | 1545 ||| UPGRADING to +2 ring mail of fire resistance.
  1562 | D:2      | 1562 ||| UPGRADING to +2 ring mail of fire resistance.
  1567 | D:2      | 1567 ||| DROPPING +0 ring mail.
  1717 | D:2      | Reached skill level 5 in Ranged Weapons
  1718 | D:2      | Identified the ring of Leaves {rElec Will+}
  1762 | D:2      | 1762 ||| UPGRADING to ring of Leaves {rElec Will+}.
  1763 | D:2      | 1763 ||| READING scroll labelled KANOTENNEG.
  1764 | D:2      | 1764 ||| READING scroll labelled BIYTHR ELEWOUS.
  1765 | D:2      | 1765 ||| READING scroll labelled NILOTI ITEIMOXT.
  1766 | D:2      | 1766 ||| READING 2 scrolls labelled EHE ZEN WUMUA.
  1767 | D:2      | 1767 ||| READING 2 scrolls of identify.
  1767 | D:2      | 1767 ||| IDENTIFYING silvery potion
  1768 | D:2      | 1768 ||| DROPPING scroll of fear.
  1911 | D:3      | Found a runed translucent gate.
  1911 | D:3      | Found a runed translucent gate.
  1911 | D:3      | Found a runed translucent gate.
  1987 | D:3      | Reached XP level 5. HP: 42/42 MP: 5/5
  2025 | D:3      | 2025 ||| READING scroll of enchant weapon.
  2025 | D:3      | 2025 ||| ENCHANTING +0 orcbow.
  2055 | D:3      | Identified the +9 hand axe "Spider's Curse" {freeze, MP+9}
  2260 | D:3      | Noticed qw's ghost (weakling MiHs)
  2263 | D:3      | 2263 ||| UPGRADING to amulet of faith.
  2268 | D:3      | 2268 ||| READING scroll labelled UVVEID MAAHAO.
  2389 | D:4      | Found a broken altar of Ashenzari.
  2431 | D:4      | Found a glowing silver altar of Zin.
  2583 | D:4      | 2583 ||| Stepping ~*~*~tactically~*~*~ (outnumbered).
  2585 | D:4      | 2585 ||| Stepping ~*~*~tactically~*~*~ (outnumbered).
  2600 | D:4      | Reached XP level 6. HP: 35/52 MP: 6/6
  2714 | D:4      | Reached skill level 6 in Ranged Weapons
  2800 | D:4      | 2800 ||| STAIRDANCE
  2881 | D:3      | 2881 ||| READING scroll labelled UCZEMUKAGE.
  2882 | D:3      | 2882 ||| READING 2 scrolls of identify.
  2882 | D:3      | 2882 ||| IDENTIFYING clear potion
  3024 | D:4      | Found a runed translucent gate.
  3024 | D:4      | Found a runed translucent gate.
  3024 | D:4      | Found a runed translucent gate.
  3027 | D:4      | Noticed qw's ghost (amateur MiHs)
  3027 | D:4      | Noticed qw's ghost (amateur MiHs)
  3027 | D:4      | Noticed qw's ghost (amateur GrHs)
  3027 | D:4      | Noticed qw's ghost (amateur GrHs)
  3028 | D:4      | Noticed qw's ghost (amateur MiHs)
  3402 | D:5      | Entered Level 5 of the Dungeon
  3455 | D:5      | Reached skill level 7 in Ranged Weapons
  3464 | D:5      | Reached XP level 7. HP: 59/59 MP: 7/7
  3642 | D:5      | Reached skill level 8 in Ranged Weapons
  3940 | D:5      | Found a white marble altar of Elyvilon.
  3940 | D:5      | Found a sparkling altar of Nemelex Xobeh.
  4032 | D:5      | Found Xuruir's Magic Scroll Boutique.
  4040 | D:5      | 4040 ||| BUYING scroll of enchant armour (105 gold).
  4040 | D:5      | Bought a scroll of enchant armour for 105 gold pieces
  4040 | D:5      | 4040 ||| BUYING scroll of enchant weapon (105 gold).
  4040 | D:5      | Bought a scroll of enchant weapon for 105 gold pieces
  4040 | D:5      | 4040 ||| SHOPLISTING scroll of enchant weapon (105 gold,
                  | have 38).
  4040 | D:5      | 4040 ||| BUYING scroll of identify (28 gold).
  4040 | D:5      | Bought a scroll of identify for 28 gold pieces
  4040 | D:5      | 4040 ||| READING scroll of enchant weapon.
  4040 | D:5      | 4040 ||| ENCHANTING +1 orcbow.
  4155 | D:5      | 4155 ||| UPGRADING to +0 pair of boots.
  4160 | D:5      | 4160 ||| READING scroll of enchant armour.
  4160 | D:5      | 4160 ||| ENCHANTING +0 pair of boots.
  4161 | D:5      | 4161 ||| READING 5 scrolls of identify.
  4161 | D:5      | 4161 ||| IDENTIFYING black potion
  4162 | D:5      | 4162 ||| READING 4 scrolls of identify.
  4162 | D:5      | 4162 ||| IDENTIFYING metallic golden potion
  4163 | D:5      | 4163 ||| READING 3 scrolls of identify.
  4163 | D:5      | 4163 ||| IDENTIFYING glowing purple potion
  4164 | D:5      | 4164 ||| DROPPING potion of invisibility.
  4165 | D:5      | 4165 ||| DROPPING potion of brilliance.
  4298 | D:6      | 4298 ||| FLEEEEING.
  4299 | D:6      | 4299 ||| FLEEEEING.
  4302 | D:6      | 4302 ||| FLEEEEING.
  4303 | D:6      | 4303 ||| FLEEEEING.
  4304 | D:6      | 4304 ||| FLEEEEING.
  4305 | D:6      | 4305 ||| FLEEEEING.
  4537 | D:6      | Found a staircase to the Ecumenical Temple.
  4538 | D:6      | 4538 ||| PLANNING TEMPLE
  4547 | D:6      | 4547 ||| FLEEEEING.
  4548 | D:6      | 4548 ||| FLEEEEING.
  4549 | D:6      | 4549 ||| FLEEEEING.
  4550 | D:6      | 4550 ||| FLEEEEING.
  4551 | D:6      | 4551 ||| FLEEEEING.
  4552 | D:6      | 4552 ||| FLEEEEING.
  4553 | D:6      | 4553 ||| FLEEEEING.
  4556 | D:6      | 4556 ||| FLEEEEING.
  4557 | D:6      | 4557 ||| STAIRDANCE
  4604 | D:6      | 4604 ||| STAIRDANCE
  4608 | D:6      | 4608 ||| STAIRDANCE
  4642 | Temple   | Entered the Ecumenical Temple
  4642 | Temple   | Found a transporter.
  4642 | Temple   | Found a transporter.
  4644 | Temple   | Found a transporter.
  4644 | Temple   | Found a transporter.
  4654 | Temple   | 4654 ||| PLANNING D:1-11
  4669 | Temple   | 4669 ||| PLANNING OKAWARU WORSHIP
  4673 | Temple   | Became a worshipper of Warmaster Okawaru
  4674 | Temple   | 4674 ||| PLANNING D:1-11
  4711 | D:6      | 4711 ||| READING scroll of enchant weapon.
  4711 | D:6      | 4711 ||| ENCHANTING +2 orcbow.
  4761 | D:6      | 4761 ||| FLEEEEING.
  4772 | D:6      | 4772 ||| FLEEEEING.
  4773 | D:6      | 4773 ||| FLEEEEING.
  4774 | D:6      | 4774 ||| FLEEEEING.
  4775 | D:6      | 4775 ||| FLEEEEING.
  4776 | D:6      | 4776 ||| FLEEEEING.
  4777 | D:6      | 4777 ||| FLEEEEING.
  4778 | D:6      | 4778 ||| FLEEEEING.
  4779 | D:6      | 4779 ||| FLEEEEING.
  4780 | D:6      | 4780 ||| FLEEEEING.
  4781 | D:6      | 4781 ||| FLEEEEING.
  4787 | D:6      | 4787 ||| FLEEEEING.
  4788 | D:6      | 4788 ||| FLEEEEING.
  4789 | D:6      | 4789 ||| FLEEEEING.
  4792 | D:6      | 4792 ||| STAIRDANCE
  4821 | D:6      | 4821 ||| STAIRDANCE
  4846 | D:6      | 4846 ||| STAIRDANCE
  4881 | D:6      | 4881 ||| STAIRDANCE
  4939 | D:6      | 4939 ||| STAIRDANCE
  4946 | D:5      | Reached XP level 8. HP: 42/70 MP: 8/8
  5039 | D:5      | 5039 ||| SWAPPING to +0 arbalest.
  5040 | D:5      | 5040 ||| DROPPING +3 orcbow.
  5047 | D:6      | 5047 ||| STAIRDANCE
  5056 | D:5      | Reached skill level 9 in Ranged Weapons
  5216 | D:6      | Found a burning altar of Makhleb.
  5217 | D:6      | 5217 ||| SWAPPING to +0 longbow.
  5224 | D:6      | 5224 ||| DROPPING +0 arbalest.
  5385 | D:6      | 5385 ||| READING scroll labelled JIZXUTS IBOE.
  5511 | D:7      | Noticed Maggie
  5515 | D:7      | Reached skill level 3 in Dodging
  5515 | D:7      | 5515 ||| STAIRDANCE
  5522 | D:6      | Reached skill level 6 in Fighting
  5544 | D:6      | Reached * piety under Okawaru
  5658 | D:7      | 5658 ||| INVOKING Heroism.
  5667 | D:7      | 5667 ||| STAIRDANCE
  5670 | D:6      | HP: 13/70 [acid (6)]
  5672 | D:6      | HP: 3/70 [Maggie/+2 morningstar of flaming (4)]
  5672 | D:6      | Slain by Maggie

Levels and vault maps discovered:
D:1:      kennysheep_arrival_seaside, layout_loops_cross,
          minmay_worlds_worst_comb
D:2:      minmay_skewed_foursquare, layout_loops_ring, minmay_pentomino_t2
D:3:      layout_basic, gammafunk_ghost_necromancy
D:4:      layout_loops_corners, kennysheep_little_box, evilmike_ruin_ashenzari,
          gammafunk_ghost_cemetery
D:5:      layout_basic, gammafunk_temple_overflow_pools, serial_shops, shop,
          minmay_stone_trees_small
D:6:      layout_basic, makhleb_heckhound_becter,
          minmay_temple_entry_stoned_glass
D:7:      layout_cave_pools, enter_bailey_3, uniq_maggie,
          uniq_crazy_yiuf_cottage
Temple:   hellmonk_temple_divided_pantheon

Skill      XL: |  1  2  3  4  5  6  7  8 |
---------------+-------------------------+-----
Ranged Weapons | 3 4 5 7 8 9 |  9.4
Fighting       | 2 4 5 6 |  6.1
Armour         | 1 2 |  2.0
Dodging        | 3 |  3.0
Spellcasting   | |  1.0
Hexes          | |  2.0

Action                     |  1- 3 |  4- 6 |  7- 9 || total
---------------------------+-------+-------+-------++-------
   Fire: Sling             |   145 |    25 |       ||   170
         Orcbow            |       |   118 |   113 ||   231
         Longbow           |       |       |    54 ||    54
         Arbalest          |       |       |    10 ||    10
 Invoke: Heroism           |       |       |     1 ||     1
    Use: Scroll            |     3 |     9 |     7 ||    19
         Potion            |     1 |       |       ||     1
 Armour: Robe              |    10 |       |       ||    10
         Ring mail         |    12 |    53 |   126 ||   191
         Skin              |       |     3 |       ||     3
  Dodge: Dodged            |    55 |    48 |   107 ||   210

Table legend:
 A = Non-vault XP
 B = Vault XP
 C = Vault XP percentage of total XP
 D = Non-vault monster count
 E = Vault monster count
 F = Vault count percentage of total count
                 A         B        C        D         E       F
            +---------+---------+-------+---------+---------+-------
      Total |    1826 |      59 |   3.1 |     110 |      11 |   9.1
            +---------+---------+-------+---------+---------+-------
        D:1 |      63 |      10 |  13.7 |      30 |       5 |  14.3
        D:2 |      98 |       6 |   5.8 |      16 |       5 |  23.8
        D:3 |      60 |       0 |   0.0 |       7 |       0 |   0.0
        D:4 |     330 |       0 |   0.0 |      16 |       0 |   0.0
        D:5 |     555 |       0 |   0.0 |      16 |       0 |   0.0
        D:6 |     647 |      43 |   6.2 |      22 |       1 |   4.3
        D:7 |      73 |       0 |   0.0 |       3 |       0 |   0.0
            +---------+---------+-------+---------+---------+-------
